 Dungeon Crawl Stone Soup version 0.25-a0-51-gc466198 (webtiles) character file.

Game seed: 6522961088985973959, levelgen mode: deterministic

16117 BoppinsLewinski the Spear-Bearer (level 12, 0/94 HPs)
             Began as a Human Gladiator on Oct 21, 2019.
             Was a Believer of Wu Jian.
             Slain by a 13-headed hydra (1 damage)
             ... on level 2 of the Lair of Beasts on Oct 25, 2019.
             The game lasted 00:34:30 (13113 turns).

BoppinsLewinski the Spear-Bearer (Human Gladiator) Turns: 13113, Time: 00:34:31

Health: 0/94       AC: 21    Str: 24    XL:     12   Next: 66%
Magic:  16/16      EV: 14    Int:  8    God:    Wu Jian [**....]
Gold:   637        SH:  0    Dex: 18    Spells: 11/11 levels left

rFire    + . .     SeeInvis +   b - +2 halberd (vamp)
rCold    . . .     Gourm    .   (shield currently unavailable)
rNeg     . . .     Faith    .   d - +2 chain mail {MR+}
rPois    .         Spirit   .   c - +0 helmet
rElec    .         Reflect  .   a - +2 cloak
rCorr    .         Harm     .   h - +0 pair of gloves
MR       +....     Rnd*Rage +   (no boots)
Stlth    ..........             (no amulet)
HPRegen  0.25/turn              r - ring of fire
MPRegen  0.15/turn              C - ring of see invisible

@: mighty, very slightly contaminated
A: icy blue scales 1, thin skeletal structure 1, berserk 1, blurry vision 1,
cold resistance 1
a: Wall Jump, Renounce Religion


You were on level 2 of the Lair of Beasts.
You worshipped Wu Jian.
Wu Jian was pleased with you.
You were not hungry.

You visited 3 branches of the dungeon, and saw 13 of its levels.

You collected 637 gold pieces.

Inventory:

Hand Weapons
 b - a +2 vampiric halberd (weapon)
Armour
 a - a +2 cloak (worn)
 c - a +0 helmet (worn)
 d - a +2 chain mail of magic resistance (worn)
 h - a +0 pair of gloves (worn)
 n - a +0 plate armour
Jewellery
 r - a ring of fire (left hand)
 C - a ring of see invisible (right hand)
Scrolls
 e - 4 scrolls of enchant armour
 j - 8 scrolls of remove curse
 k - 4 scrolls of fear {unknown}
 l - a scroll of fog {unknown}
 m - 3 scrolls of amnesia {unknown}
 p - 2 scrolls of immolation {unknown}
 q - 2 scrolls of blinking
 s - a scroll of random uselessness {unknown}
 x - 2 scrolls of teleportation {unknown}
 y - a scroll of magic mapping {unknown}
 B - a scroll of noise {unknown}
Potions
 o - 2 potions of flight
 t - 6 potions of curing
 v - 2 potions of ambrosia
 z - a potion of resistance
 D - a potion of brilliance
Miscellaneous
 u - a fan of gales
Comestibles
 f - 19 rations


   Skills:
 + Level 8.8 Fighting
 * Level 12.3 Polearms
 - Level 2.0 Throwing
 + Level 8.4 Armour
 + Level 9.1 Dodging
 + Level 5.5 Evocations


You had 11 spell levels left.
You didn't know any spells.
Your spell library contained the following spells:

 Spells                   Type           Power        Failure   Level  Hunger
 Animate Skeleton         Necr           N/A          94%         1    ##.....
 Apportation              Tloc           #.....       94%         1    ##.....
 Confusing Touch          Hex            #.....       94%         1    ##.....
 Sandblast                Erth           #.....       94%         1    ##.....
 Summon Small Mammal      Summ           #...         94%         1    ##.....
 Passwall                 Tmut/Erth      #.......     98%         2    ###....
 Stone Arrow              Conj/Erth      #.....       100%        3    ####...
 Petrify                  Tmut/Erth      #.......     100%        4    #####..
 Summon Lightning Spire   Summ/Air       #.......     100%        4    #####..
 Lee's Rapid Deconstruct  Erth           #.........   100%        5    ######.
 Silence                  Hex/Air        #.........   100%        5    ######.
 Conjure Ball Lightning   Conj/Air       #.........   100%        6    #######
 Deflect Missiles         Chrm/Air       #.........   100%        6    #######
 Tornado                  Air            #.........   100%        9    #######


Dungeon Overview and Level Annotations

Branches:
Dungeon (8/15)             Temple (1/1) D:6            Lair (4/6) D:8
 Shoals (0/4) Lair:2       Spider (0/4) Lair:4

Altars:
Ashenzari
Cheibriados
Dithmenos
Gozag
Hepliaklqana
Kikubaaqudgha
Makhleb
Nemelex Xobeh
Okawaru
Qazlal
Ru
Sif Muna
Trog
Uskayaw
Wu Jian
Xom
Yredelemnul
Zin
The Shining One

Shops:
D:8 }

Annotations:
D:4 2 runed translucent doors, popedarpa's ghost, amateur SpWz
Lair:3 exclusion: 2 oklob plants
Lair:4 3 runed translucent doors, Hannaf's ghost, journeyman GrMo


Innate Abilities, Weirdness & Mutations

You are partially covered in icy blue scales. (AC +2)
You have a somewhat thin skeletal structure. (Dex +2, Stealth)
You tend to lose your temper in combat.
Scrolls take you a little longer to read.
Your flesh is cold resistant. (rC+)


Message History

Tha 13-headed hydra completely misses ye.
Tha 13-headed hydra barely misses ye. x2
Tha 13-headed hydra completely misses ye. x2
Tha 13-headed hydra bites ye but does nay damage.
Tha 13-headed hydra misses ye.
Tha 13-headed hydra bites ye but does nay damage. x2
Tha 13-headed hydra closely misses ye.
Tha 13-headed hydra bites ye but does nay damage. x2
Ye slash tha yak!
Tha yak be severely wounded.
Tha yak gores ye.
* * * LOW HITPOINT WARNIN'
* * * Tha 13-headed hydra bites ye.
* * * LOW HITPOINT WARNIN'
* * * Tha 13-headed hydra misses ye.
Tha 13-headed hydra barely misses ye.
Tha 13-headed hydra misses ye.
Tha 13-headed hydra closely misses ye.
Tha 13-headed hydra misses ye.
Tha 13-headed hydra bites ye but does nay damage. x2
Tha 13-headed hydra barely misses ye.
Tha 13-headed hydra bites ye.
Ye die...

####### ### ########
...##.###.####.##...####
................D......##
...........#.##P@##.#P..#
.##.#####...####Y#####.##
###.## #...##.#P.)## #.##
##...####..........###..#
#......##...#......##..P#
............##+.###.##..#
P.....#P#..###.#######.##
###.#.###..###..#.###..#
##..#####..............#


You could see a 13-headed hydra and a yak.

Vanquished Creatures
  A hydra (Lair:3)
  Sonja (Lair:4)
  A black mamba (Lair:2)
  4 komodo dragons
  5 spiny frogs
  5 polar bears (Lair:1)
  4 jumping spiders
  Grinder (D:6)
  9 blink frogs
  3 hippogriffs
  3 redbacks
  2 wyverns
  A steam dragon (Lair:4)
  8 yaks
  2 basilisks
  9 water moccasins
  An acid dragon (D:8)
  10 porcupines
  4 phantoms
  4 ogres
  A sky beast (D:7)
  2 centaurs
  A necrophage (D:6)
  7 crocodiles
  10 bullfrogs
  2 scorpions
  6 howler monkeys
  An electric eel (Lair:3)
  2 crimson imps
  2 centaur zombies
  4 hounds
  2 jellies
  3 orc wizards
  2 bullfrog skeletons
  2 orc priests
  Jessica (D:4)
  2 iguanas
  4 worker ants
  A hound skeleton (D:6)
  2 worker ant zombies
  4 gnolls (D:2)
  10 adders
  4 shadow imps
  3 oozes
  An adder zombie (D:6)
  An adder skeleton (D:5)
  6 worms
  3 dart slugs (D:3)
  4 leopard geckos
  14 orcs
  4 bats
  5 giant cockroaches
  7 goblins
  8 hobgoblins
  5 jackals
  2 quokkas
  2 ball pythons
  2 frilled lizards
  7 kobolds
  A leopard gecko skeleton (D:5)
  A quokka skeleton (D:5)
  8 rats
237 creatures vanquished.

Vanquished Creatures (others)
  4 fungi
  10 plants
14 creatures vanquished.

Grand Total: 251 creatures vanquished

Notes
Turn   | Place    | Note
-------+----------+-------------------------------------------
     0 | D:1      | BoppinsLewinski the Human Gladiator began the quest for the
                  | Orb.
     0 | D:1      | Reached XP level 1. HP: 16/16 MP: 1/1
   188 | D:1      | Reached XP level 2. HP: 22/22 MP: 2/2
   679 | D:2      | Reached XP level 3. HP: 27/27 MP: 3/3
   950 | D:2      | Reached skill level 1 in Armour
  1032 | D:2      | Reached XP level 4. HP: 34/34 MP: 4/4
  1423 | D:3      | Reached skill level 4 in Polearms
  1624 | D:3      | Reached XP level 5. HP: 36/40 MP: 5/5
  2470 | D:3      | Reached XP level 6. HP: 44/47 MP: 6/6
  2696 | D:4      | Found a burning altar of Makhleb.
  2863 | D:4      | Noticed an ogre
  2877 | D:4      | Reached skill level 5 in Polearms
  2881 | D:4      | Killed an ogre
  2881 | D:4      | Reached XP level 7. HP: 34/52 MP: 7/7
  3028 | D:4      | Found a large runed translucent door.
  3028 | D:4      | Found a large runed translucent door.
  3029 | D:4      | Noticed popedarpa's ghost (amateur SpWz)
  3052 | D:4      | Found a glowing golden altar of the Shining One.
  3173 | D:4      | Noticed Jessica
  3177 | D:4      | Killed Jessica
  3181 | D:4      | Found a shimmering blue altar of Sif Muna.
  3286 | D:4      | Reached skill level 6 in Polearms
  3328 | D:4      | Reached XP level 8. HP: 57/60 MP: 8/8
  3435 | D:5      | Entered Level 5 of the Dungeon
  3519 | D:5      | Reached skill level 5 in Dodging
  3685 | D:5      | Got a smelly scale mail
  3818 | D:5      | Identified the +3 scale mail "Vuvio" {rF+ Stlth+} (You
                  | found it on level 5 of the Dungeon)
  4035 | D:5      | Reached skill level 7 in Polearms
  4094 | D:6      | Found a staircase to the Ecumenical Temple.
  4103 | Temple   | Entered the Ecumenical Temple
  4242 | Temple   | Became a worshipper of the Wu Jian Council
  4276 | D:6      | Reached skill level 5 in Fighting
  4276 | D:6      | Reached XP level 9. HP: 68/68 MP: 9/9
  4679 | D:6      | Noticed Grinder
  4679 | D:6      | Paralysed by Grinder for 2 turns
  4684 | D:6      | Gained mutation: Your flesh is cold resistant. (rC+)
                  | [potion of mutation]
  4684 | D:6      | Gained mutation: Your flesh is heat resistant. (rF+)
                  | [potion of mutation]
  4684 | D:6      | Gained mutation: You tend to lose your temper in combat.
                  | [potion of mutation]
  4684 | D:6      | Gained mutation: Your muscles are strong. (Str +2) [potion
                  | of mutation]
  4689 | D:6      | Killed Grinder
  5147 | D:7      | Reached skill level 8 in Polearms
  5235 | D:7      | Reached skill level 5 in Armour
  5894 | D:7      | Found a hide-covered altar of Uskayaw.
  5898 | D:7      | Found a sacrificial altar of Ru.
  5898 | D:7      | Found a shadowy altar of Dithmenos.
  5911 | D:7      | Found an opulent altar of Gozag.
  5915 | D:7      | Found an iron altar of Okawaru.
  6057 | D:8      | Reached * piety under Wu Jian
  6124 | D:8      | Found a sparkling altar of Nemelex Xobeh.
  6151 | D:8      | Found Delaacra's Gadget Shoppe.
  6346 | D:8      | Reached XP level 10. HP: 58/76 MP: 10/10
  6355 | D:8      | Reached skill level 9 in Polearms
  6662 | D:8      | Found a staircase to the Lair.
  6675 | D:8      | Noticed a komodo dragon
  6698 | D:8      | Killed a komodo dragon
  7165 | Lair:1   | Entered Level 1 of the Lair of Beasts
  7318 | Lair:1   | Noticed a komodo dragon
  7328 | Lair:1   | Killed a komodo dragon
  7391 | Lair:1   | Reached skill level 1 in Evocations
  7925 | Lair:1   | Reached skill level 10 in Polearms
  8182 | Lair:1   | Reached XP level 11. HP: 43/84 MP: 12/12
  9214 | Lair:2   | Found a staircase to the Shoals.
  9308 | Lair:2   | Reached ** piety under Wu Jian
  9549 | Lair:2   | Reached skill level 11 in Polearms
 10228 | Lair:3   | Noticed an oklob plant
 10228 | Lair:3   | Noticed an oklob plant
 10446 | Lair:3   | Noticed a six-headed hydra
 10457 | Lair:3   | Killed an eight-headed hydra
 10884 | Lair:3   | Reached XP level 12. HP: 93/93 MP: 15/15
 11032 | Lair:3   | Lost mutation: Your flesh is heat resistant. (rF+) [potion
                  | of mutation]
 11032 | Lair:3   | Lost mutation: Your muscles are strong. (Str +2) [potion of
                  | mutation]
 11032 | Lair:3   | Gained mutation: You are partially covered in icy blue
                  | scales. (AC +2) [potion of mutation]
 11032 | Lair:3   | Gained mutation: Scrolls take you a little longer to read.
                  | [potion of mutation]
 11032 | Lair:3   | Gained mutation: You have a somewhat thin skeletal
                  | structure. (Dex +2, Stealth) [potion of mutation]
 11923 | Lair:4   | Found a runed translucent gate.
 11923 | Lair:4   | Found a runed translucent gate.
 11923 | Lair:4   | Found a runed translucent gate.
 11924 | Lair:4   | Noticed Hannaf's ghost (journeyman GrMo)
 11949 | Lair:4   | Noticed Sonja
 11953 | Lair:4   | Reached skill level 5 in Evocations
 11966 | Lair:4   | Found a hole to the Spider Nest.
 12375 | Lair:4   | Reached skill level 12 in Polearms
 12610 | Lair:4   | Noticed an eight-headed hydra
 12841 | Lair:3   | Upgraded the game from 0.25-a0-41-g6cf4ce5 to
                  | 0.25-a0-51-gc466198
 12860 | Lair:4   | Killed Sonja
 13113 | Lair:2   | HP: 1/94 [13-headed hydra (6)]
 13113 | Lair:2   | Slain by a 13-headed hydra

Levels and vault maps discovered:
D:1:      mrwooster_arrival_statue, layout_loops_ring
D:2:      layout_basic
D:3:      minmay_razor_zed, layout_loops_ring, chequers_serial_rivers_micro_e
D:4:      layout_gridville, tgw_sif, old_standard_altar, kennysheep_mini,
          first_ration, ebering_ghost_disaster_area, minmay_box_of_dots
D:5:      layout_rooms, serial_bayou_lagoon_a
D:6:      layout_loops_corners, minmay_temple_entry_sparse_star, uniq_grinder
D:7:      layout_basic, minmay_overflow_temple_star_hex
D:8:      layout_rooms, erik_lair_dragon, serial_shops, nicolae_shop_stone,
          basic_altar
Temple:   dpeg_chambers_temple
Lair:1:   layout_roguey, cheibrodos_lair_lostbears, grunt_megastairs_4
Lair:2:   layout_regular_city, shoals_dummy_entry, grunt_forest_stairs_basic,
          guppyfry_lair_drakes
Lair:3:   layout_cave_pods, special_room, infiniplex_staircase_pool_2,
          lemuel_fruit_fields, minmay_lair_oklob_chamber, serial_bayou_shore_a,
          grunt_megastairs_5
Lair:4:   layout_big_grid, nicolae_spider_entry_tight_spaces,
          gammafunk_ghost_necromancy, grunt_megastairs_3, uniq_sonja

Skill      XL: |  1  2  3  4  5  6  7  8  9 10 11 12 |
---------------+-------------------------------------+-----
Armour         | 1 2 3 4 5 6 7 8 |  8.4
Polearms       | 4 5 6 7 8 10 11 12 | 12.3
Fighting       | 3 4 5 6 7 8 |  8.8
Dodging        | 4 5 6 7 8 9 |  9.1
Evocations     | 2 4 5 |  5.5
Throwing       | |  2.0

Action                   |  1- 3 |  4- 6 |  7- 9 | 10-12 || total
-------------------------+-------+-------+-------+-------++-------
Melee: Trident           |    76 |     6 |       |       ||    82
       Halberd           |       |   165 |   293 |   544 ||  1002
Throw: Throwing net      |     1 |     3 |     3 |       ||     7
Invok: Lunge             |       |       |     3 |    10 ||    13
       Whirlwind         |       |       |       |     1 ||     1
 Abil: Wall Jump         |       |       |       |     4 ||     4
Evoke: Wand              |       |       |     6 |    15 ||    21
       Fan of gales      |       |       |       |     1 ||     1
  Use: Potion            |     1 |       |     6 |     9 ||    16
       Scroll            |       |     4 |     4 |     7 ||    15
 Stab: Sleeping          |     1 |       |       |       ||     1
       Held in net/web   |       |       |     2 |       ||     2
       Invisible         |       |       |     3 |     2 ||     5
  Eat: Chunk             |       |     6 |    12 |     2 ||    20
       Ration            |       |       |       |     6 ||     6
Armor: Leather armour    |     4 |       |       |       ||     4
       Scale mail        |    24 |     3 |       |       ||    27
       Chain mail        |       |    72 |   126 |    67 ||   265
       Plate armour      |       |       |       |   292 ||   292
       Skin              |       |       |       |     8 ||     8
Dodge: Dodged            |    28 |    60 |   143 |   287 ||   518

Table legend:
 A = Non-vault XP
 B = Vault XP
 C = Vault XP percentage of total XP
 D = Non-vault monster count
 E = Vault monster count
 F = Vault count percentage of total count
                 A         B        C        D         E       F
            +---------+---------+-------+---------+---------+-------
      Total |   15698 |    7327 |  31.8 |     193 |      44 |  18.6
            +---------+---------+-------+---------+---------+-------
        D:1 |      26 |       0 |   0.0 |      15 |       0 |   0.0
        D:2 |      74 |       0 |   0.0 |      15 |       0 |   0.0
        D:3 |     122 |      82 |  40.2 |      26 |      14 |  35.0
        D:4 |     709 |      70 |   9.0 |      20 |       2 |   9.1
        D:5 |     777 |       0 |   0.0 |      23 |       0 |   0.0
        D:6 |     352 |     277 |  44.0 |      12 |       1 |   7.7
        D:7 |     670 |       0 |   0.0 |      15 |       0 |   0.0
        D:8 |     673 |    1032 |  60.5 |       9 |       5 |  35.7
     Lair:1 |    2242 |    1786 |  44.3 |      11 |       8 |  42.1
     Lair:2 |    2318 |     696 |  23.1 |      10 |       3 |  23.1
     Lair:3 |    6275 |    1048 |  14.3 |      28 |       4 |  12.5
     Lair:4 |    1460 |    2336 |  61.5 |       9 |       7 |  43.8
            +---------+---------+-------+---------+---------+-------
